 Dungeon Crawl Stone Soup version 0.28-a0-1524-ge72afd5fc6 (webtiles) character file.

Game seed: 16429408590625498709

39 fragbeetle the Insei (level 3, -2/28 HPs)
             Began as a Draconian Transmuter on Jan 17, 2022.
             Killed from afar by an orc wizard (6 damage)
             ... with a magic dart
             ... on level 2 of the Dungeon.
             The game lasted 00:02:13 (1266 turns).

fragbeetle the Insei (Draconian Transmuter)         Turns: 1266, Time: 00:02:14

Health: -2/28      AC:  5    Str: 12    XL:     3   Next: 28%
Magic:  5/6        EV: 12    Int: 13    God:
Gold:   47         SH:  0    Dex: 13    Spells: 2/6 levels left

rFire   . . .      SeeInvis .     - Unarmed
rCold   . . .      Faith    .   (no shield)
rNeg    . . .      Spirit   .   (armour unavailable)
rPois   .          Reflect  .   (helmet currently unavailable)
rElec   .          Harm     .   (no cloak)
rCorr   .          Rampage  .   (no gloves)
Will    .....                   (boots currently unavailable)
Stlth   +.........              (no amulet)
HPRegen 0.09/turn               (no ring)
MPRegen 0.10/turn               (no ring)

@: appendages
A: horns 2, talons 2, AC +5, unfitting armour, cold-blooded
a: End Transformation


You were on level 2 of the Dungeon.
You had temporarily grown beastly horns and talons.
You visited 1 branch of the dungeon, and saw 2 of its levels.

You collected 47 gold pieces.

Inventory:

Missiles
 f - 3 stones
 h - 22 sling bullets
Magical Staves
 a - a staff of conjuration
Jewellery
 e - an amulet of reflection
 j - a ring of willpower
Scrolls
 b - 3 scrolls of identify {unknown}
 d - a scroll of enchant armour {unknown}
 g - a scroll of blinking {unknown}
Potions
 c - a potion of flight {unknown}
 i - a potion of cancellation {unknown}


   Skills:
 + Level 1.5 Fighting
 + Level 2.1 Dodging
 * Level 3.5 Unarmed Combat
 - Level 2.0 Spellcasting
 * Level 2.6 Transmutations
 * Level 0.4 Poison Magic


You had 2 spell levels left.
You knew the following spells:

 Your Spells              Type           Power      Damage    Failure   Level
a - Beastly Appendage     Tmut           16%        N/A       9%          1
b - Spider Form           Tmut/Pois      5%         N/A       38%         3

Your spell library contained the following spells:

 Spells                   Type           Power      Damage    Failure   Level
 Wereblood                Tmut           8%         N/A       13%         2
 Ice Form                 Ice/Tmut       4%         N/A       83%         4


Dungeon Overview and Level Annotations

Branches:
Dungeon (2/15)

Altars:


Innate Abilities, Weirdness & Mutations

You have temporarily grown beastly horns and talons.
Your plain brown scales are hard. (AC +5)
You cannot fit into any form of body armour.
You are cold-blooded and may be slowed by cold attacks.


Message History

You barely miss the orc wizard. You claw the orc wizard.
Your headbutt misses the orc wizard.
The orc wizard is moderately wounded.
The orc wizard barely misses you.
You hit the orc wizard. Your headbutt misses the orc wizard.
Your tail-slap misses the orc wizard.
The orc wizard is heavily wounded.
The orc wizard closely misses you.
You hit the orc wizard but do no damage.
The orc wizard is heavily wounded.
The orc wizard hits you but does no damage.
You barely miss the orc wizard. Your kick misses the orc wizard.
You headbutt the orc wizard, but do no damage.
The orc wizard is heavily wounded.
The orc wizard points at you and mumbles some strange words.
You are confused.
You closely miss the orc wizard. Your kick misses the orc wizard.
You punch the orc wizard.
The orc wizard is severely wounded.
The orc wizard gestures at you while chanting.
The magic dart hits you.
* * * LOW HITPOINT WARNING * * *
Your magical contamination has completely faded away.
You bump into the rock wall.
The orc wizard closely misses you.
You bump into the rock wall.
The orc wizard hits you with a +0 dagger.
* * * LOW HITPOINT WARNING * * *
You hit the orc wizard but do no damage.
Your kick misses the orc wizard.
Your tail-slap misses the orc wizard.
The orc wizard is severely wounded.
The orc wizard hits you but does no damage.
You're too confused to move!
You feel less confused. The orc wizard barely misses you.
You hit the orc wizard but do no damage.
You claw the orc wizard. Your headbutt misses the orc wizard.
The orc wizard is almost dead.
The orc wizard casts a spell at you. The magic dart hits you.
You die...

#......##.# #.#
#.####.##.# #. #.#
#.###...... #.# #.#.#
#.......... .. #.#.#
####....... ######. #.#.#
#.......... ......r##.#.#
#.##.......
........#.#.##.#.##.......
#
.....!..#@.....#.##.......
#
...)....o##.####....#...##
#
.......††...........#...).
.......#..#.#.........###.
.......##.#.#.........'...
....... #.#.#.........###.
......o #.#.#.........###.
....... ....#.............
. .......
.#..#.............


You could see an orc wizard.

Vanquished Creatures
  2 orcs (D:2)
  5 ball pythons
  2 endoplasms (D:1)
  3 giant cockroaches
  2 goblins (D:1)
  4 hobgoblins (D:1)
  4 jackals (D:1)
  3 quokkas
  A bat (D:1)
  A frilled lizard (D:1)
  A kobold (D:1)
  5 rats
33 creatures vanquished.

Notes
Turn   | Place    | Note
-------+----------+-------------------------------------------
     0 | D:1      | fragbeetle the Draconian Transmuter began the quest for the
                  | Orb.
     0 | D:1      | Reached XP level 1. HP: 16/16 MP: 3/3
   139 | D:1      | Found a faded altar of an unknown god.
   154 | D:1      | Reached XP level 2. HP: 23/23 MP: 3/5
  1016 | D:2      | Reached XP level 3. HP: 28/28 MP: 4/6
  1020 | D:2      | Learned a level 3 spell: Spider Form
  1266 | D:2      | Killed from afar by an orc wizard

Illustrated notes

Levels and vault maps discovered:
D:1:      dpeg_arrival_shelter, layout_basic,
          shapermc_ecumenical_altar_mp_highgroup, minmay_misc_feat_columns,
          minmay_cupped
D:2:      layout_basic, minmay_bisected

Skill      XL: |  1  2 |
---------------+-------+-----
Dodging        | 2 |  2.1
Fighting       | |  1.5
Unarmed Combat | |  3.5
Spellcasting   | |  2.0
Transmutations | |  2.6
Poison Magic   | |  0.4

Action                   || total
-------------------------++-------
Melee: Unarmed           ||    87
       Kick              ||    17
       Headbutt          ||     6
       Tailslap          ||     4
       Punch             ||     1
 Cast: Beastly Appendage ||    18
Armor: Skin              ||    20
Dodge: Dodged            ||    60

Table legend: (Time is in decaauts)
 A = Elapsed time spent in this place.
 B = Non-inter-level travel time spent in this place.
 C = Inter-level travel time spent in this place.
 D = Time resting spent in this place.
 E = Time spent auto-exploring this place.
 F = Levels seen in this place.
 G = Mean time per level.
                   A        B        C        D        E       F      G
               +--------+--------+--------+--------+--------+-----+--------+
         Total |   1260 |   1219 |     41 |      0 |    975 |   2 |  630.0 |
       Dungeon |   1260 |   1219 |     41 |      0 |    975 |   2 |  630.0 |
               +--------+--------+--------+--------+--------+-----+--------+

Top non-repeatable levels by time:
     D:1: 995 daAuts
     D:2: 265 daAuts
